 Dungeon Crawl Stone Soup version 0.22-a0-570-g58866f5 (webtiles) character file.

8 Dfrag the Firebug (level 2, 19/19 HPs)
             Began as a Demonspawn Fire Elementalist on July 1, 2018.
             Quit the game on level 1 of the Dungeon.
             The game lasted 00:00:26 (315 turns).

Dfrag the Firebug (Demonspawn Fire Elementalist)     Turns: 315, Time: 00:00:26

Health: 19/19      AC:  2    Str:  8    XL:     2   Next: 0%
Magic:  4/5        EV: 12    Int: 16    God:
Gold:   32         SH:  0    Dex: 13    Spells: 4/5 levels left

rFire    . . .     SeeInvis .   (no weapon)
rCold    . . .     Gourm    .   (no shield)
rNeg     . . .     Faith    .   a - +0 robe
rPois    .         Spirit   .   (no helmet)
rElec    .         Reflect  .   (no cloak)
rCorr    .         Harm     .   (no gloves)
MR       .....                  (no boots)
Stlth    ++........             (no amulet)
HPRegen  0.06/turn              (no ring)
MPRegen  0.09/turn              (no ring)

@: no status effects
A: rot immunity
a: no special abilities


You were on level 1 of the Dungeon.
You were not hungry.

You visited 1 branch of the dungeon, and saw 1 of its levels.

You collected 32 gold pieces.

Inventory:

Armour
 a - a +0 robe (worn)
Scrolls
 e - a scroll of enchant armour {unknown}
Potions
 b - a potion of magic {unknown}
 d - a potion of berserk rage {unknown}
Comestibles
 c - 2 rations


   Skills:
 - Level 1.7 Dodging
 - Level 1.7 Stealth
 + Level 2.2 Spellcasting
 + Level 1.4 Conjurations
 + Level 2.9 Fire Magic


You had 4 spell levels left.
You knew the following spells:

 Your Spells              Type           Power        Failure   Level  Hunger
a - Flame Tongue          Conj/Fire      #....        9%          1    #......

Your spell library contained the following spells:

 Spells                   Type           Power        Failure   Level  Hunger
 Fireball                 Conj/Fire      #.........   93%         5    ######.
 Conjure Flame            Conj/Fire      #.......     26%         3    ###....
 Throw Flame              Conj/Fire      #.....       13%         2    ###....
 Sticky Flame             Conj/Fire      #.......     63%         4    #####..
 Inner Flame              Hex/Fire       #.......     32%         3    ###....


Dungeon Overview and Level Annotations

Branches:
Dungeon (1/15)

Altars:


Innate Abilities, Weirdness & Mutations

You are immune to rotting.


Message History

Your demonic ancestry asserts itself...
You feel immune to rotting.
Found a glowing dagger and a dagger.
You now have 32 gold pieces (gained 14).
A goblin comes into view.
You see here a dagger.
A goblin is nearby!
Casting: Flame Tongue (safe; 9% risk of failure)
Confirm with . or Enter, or press ? or * to list all spells.
Aiming: Flame Tongue (safe; 9% risk of failure)
Press: ? - help, Shift-Dir - straight line, f - goblin
Aim: a goblin (resting)
The flame tongue hits the goblin.
The goblin is severely wounded.
The goblin shouts!
Unknown command.
Saving game... please wait.
Welcome back, Dfrag the Demonspawn Fire Elementalist.
Press ? for a list of commands and other information.
Are you sure you want to abandon this character and quit the game? (Confirm with "yes".)

#................
#...............#
#....####......)+
#.##.####.......#
#...............#
#.####..........#
#..........#
#..........#
#...).@##+##
##..#..# #..#.g#
#..#....
#..#......
#..#..##..#
#.....# ..#
....... .#
#.###.# .


You could see a goblin.

Vanquished Creatures
  A ball python (D:1)
  2 goblins (D:1)
  3 frilled lizards (D:1)
  4 rats (D:1)
10 creatures vanquished.

Notes
Turn   | Place    | Note
-------+----------+-------------------------------------------
     0 | D:1      | Dfrag the Demonspawn Fire Elementalist began the quest for the Orb.
     0 | D:1      | Reached XP level 1. HP: 13/13 MP: 3/3
   237 | D:1      | Gained mutation: You are immune to rotting. [demonic ancestry]
   237 | D:1      | Reached XP level 2. HP: 19/19 MP: 3/5
   315 | D:1      | Quit the game

Vault maps used:
D:1:      minmay_arrival_up_and_down

Action                   || total
-------------------------++-------
Melee: Unarmed           ||     4
 Cast: Flame Tongue      ||    11
Armor: Robe              ||     1
Dodge: Dodged            ||     3

Table legend:
 A = Spawn XP
 B = Non-spawn XP
 C = Spawn XP percentage of total XP
 D = Spawn monster count
 E = Non-spawn monster count
 F = Spawn count percentage of total count
 G = Total turns spent on level
                    A         B        C        D         E        F      G
               +---------+---------+-------+---------+---------+-------+---------
         Total |       0 |      12 |   0.0 |       0 |      10 |   0.0 |   315
               +---------+---------+-------+---------+---------+-------+---------
           D:1 |       0 |      12 |   0.0 |       0 |      10 |   0.0 |   315
               +---------+---------+-------+---------+---------+-------+---------
